[Event "Chile-ch Women 2019"]
[Site "Santiago Las Condes"]
[Date "2019.02.14"]
[Round "5.2"]
[White "Sanchez Tobar, Francisca Valenti"]
[Black "Manriquez Abarzua, Maria Belen"]
[Result "0-1"]
[ECO "D45"]
[WhiteElo "1817"]
[BlackElo "1650"]
[Annotator "NA RC"]
[PlyCount "98"]
[EventDate "2019.02.12"]
[EventType "swiss"]
[EventCountry "CHI"]
[SourceTitle "playchess.com"]
[Source "ChessBase"]
[SourceQuality "1"]
[TimeControl "5400+30"]

1. c4 e6 2. Nc3 d5 3. d4 Nf6 4. Nf3 c6 5. e3 Nbd7 6. Bd3 dxc4 7. Bxc4 b5 8. Bd3 Be7 9. Qc2 Bb7 10. O-O O-O 11. b3 (11. e4 $1 $14) 11... h6 (11... Rc8 $15) 12. e4 b4 $11 13. Na4 Rc8 14. Nc5 Nxc5 15. dxc5 Nd7 16. Be3 Qa5 17. Rac1 Rfd8 18. e5 Nxc5 19. Bh7+ Kh8 20. g4 Nd7 21. h4 Nxe5 22. Nxe5 Qxe5 23. Rce1 Qc3 24. Qe4 Ba6 25. Rc1 Qd3 26. Rfd1 Qxe4 27. Rxd8+ Bxd8 28. Bxe4 Bxh4 29. Rxc6 Rxc6 30. Bxc6 Be2 31. f3 a6 32. Bc5 Be1 33. Be4 f5 34. gxf5 exf5 35. Bxf5 Bxf3 36. Kf1 Bc3 37. Bc8 g5 38. Bxa6 h5 39. Kf2 Ba8 40. Be2 g4 41. Bd6 Kg7 42. Bg3 Kg6 43. Bd6 Kg5 44. Bc5 Bd2 45. Be7+ Kf4 46. Bh4 Be3+ 47. Ke1 Bf3 48. Bd8 g3 49. Bc7+ Kg4 0-1

[Event "Chile-ch Women 2019"]
[Site "Santiago Las Condes"]
[Date "2019.02.14"]
[Round "5.3"]
[White "Yanez Araya, Josefa"]
[Black "Abarca Gonzalez, Damaris"]
[Result "0-1"]
[ECO "D02"]
[WhiteElo "1688"]
[BlackElo "2039"]
[Annotator "NA RC"]
[PlyCount "78"]
[EventDate "2019.02.12"]
[EventType "swiss"]
[EventCountry "CHI"]
[SourceTitle "playchess.com"]
[Source "ChessBase"]
[SourceQuality "1"]
[TimeControl "5400+30"]

1. d4 d5 2. Nf3 Nf6 3. g3 c6 4. Bg2 e6 5. O-O Bd6 6. b3 Nbd7 7. Bb2 O-O {[%emt 0:00:20] LiveBook: 10 Games D02: 1 d4 d5 2 Nf3 sidelines, including 2...Nf6 3 g3 and 2...Nf6 3 Bf4} 8. Nbd2 (8. c4 dxc4 9. bxc4 Re8 10. e3 Qa5 11. Nbd2 e5 12. Nb3 Qb4 13. c5 Bc7 14. Qc2 exd4 15. Nfxd4 Ne5 16. Rfc1 {1-0 (36) Meijers,V (2472)-Eliseev,E (2401) Germany 2018}) 8... Qc7 9. Rc1 e5 $146 ({Predecessor:} 9... b6 10. c4 Bb7 11. Re1 Rac8 12. e4 dxe4 13. Nxe4 Nxe4 14. Rxe4 {½-½ (38) Nogueira,E-Souza,I (2046) Rio de Janeiro 2016}) 10. dxe5 Nxe5 11. c4 Qe7 12. cxd5 Nxd5 13. Nc4 ({White should try} 13. Nxe5 $16 Bxe5 14. Bxe5 Qxe5 15. Nc4) 13... Nxc4 14. Rxc4 Nb6 15. Rh4 Bf5 16. Qd4 f6 17. e3 Rfd8 18. Qc3 a5 19. a4 Bb4 20. Qc1 c5 21. Rf4 {[%emt 0:03:50] [#]} Bd3 $1 22. Rxb4 axb4 23. Re1 Be4 24. Nd2 Bxg2 25. Kxg2 Qd6 26. Nc4 Nxc4 27. Qxc4+ Qd5+ 28. Qxd5+ Rxd5 29. e4 Rd3 30. e5 $19 Rxb3 31. Bc1 Re8 32. Kf1 Rxe5 33. Rxe5 fxe5 34. Ke2 Ra3 35. Kd2 Rxa4 36. Kd3 b5 37. Bb2 c4+ 38. Ke4 c3 39. Bc1 b3+ 0-1

[Event "Chile-ch Women 2019"]
[Site "Santiago Las Condes"]
[Date "2019.02.14"]
[Round "5.4"]
[White "Abdala Cancino, Patricia Anastas"]
[Black "Jorquera Cabello, Valentina"]
[Result "0-1"]
[ECO "B50"]
[WhiteElo "1534"]
[BlackElo "2016"]
[Annotator "NA RC"]
[PlyCount "78"]
[EventDate "2019.02.12"]
[EventType "swiss"]
[EventCountry "CHI"]
[SourceTitle "playchess.com"]
[Source "ChessBase"]
[SourceQuality "1"]
[TimeControl "5400+30"]

1. e4 c5 2. Nf3 Nc6 3. b3 d6 4. Bb2 e5 5. d3 {[%emt 0:04:08] B50: Sicilian: 2...d6, Miscellaneous} g6 6. Nbd2 (6. h4 Nh6 7. h5 g5 8. Nbd2 Bg7 9. Nc4 O-O 10. Qd2 f6 11. Ne3 Be6 12. c3 f5 13. exf5 Bxf5 14. Nxf5 Rxf5 {½-½ (30) Zajic,M (2488)-Erdos,V (2605) Skopje 2018}) 6... Bg7 7. a4 Nge7 $146 ({Predecessor:} 7... Nf6 8. Be2 O-O 9. O-O Nh5 10. g3 Bh6 11. Ne1 Ng7 12. c3 f5 {0-1 (34) Feranec,M (1835)-Rakay,K (2114) Tatranske Matliare 2008}) 8. g3 O-O 9. Bg2 f5 10. O-O ({Better is} 10. c3 $11) 10... f4 11. Nc4 ({White should play} 11. c3 $1 $11) 11... h6 12. c3 g5 13. gxf4 Rxf4 14. Bc1 Rf7 15. Be3 {[%emt 0:01:34] [#]} (15. Ne1 $17 {was necessary.}) 15... Bg4 $1 16. Ncd2 Qd7 17. Qc1 Ng6 18. Ne1 Be2 19. f3 Bxf1 20. Nxf1 Nh4 21. Ng3 Raf8 22. Qd1 Ne7 23. Ra2 Neg6 24. Rf2 Nf4 25. Kh1 b6 26. Rf1 d5 27. exd5 Nfxg2 28. Nxg2 Nxf3 29. c4 Qh3 30. Rxf3 Rxf3 31. Qe1 e4 32. dxe4 Bd4 33. Bxd4 cxd4 34. Kg1 d3 35. Nf5 R3xf5 36. exf5 Qxf5 37. Ne3 $19 Qe5 38. Qd2 Rf3 39. Ng2 Qd4+ 0-1

[Event "Chile-ch Women 2019"]
[Site "Santiago Las Condes"]
[Date "2019.02.14"]
[Round "5.5"]
[White "Vargas Banda, Valentina"]
[Black "Luna Benalcazar, Gianella"]
[Result "0-1"]
[ECO "C02"]
[WhiteElo "1682"]
[BlackElo "1804"]
[Annotator "NA RC"]
[PlyCount "74"]
[EventDate "2019.02.12"]
[EventType "swiss"]
[EventCountry "CHI"]
[SourceTitle "playchess.com"]
[Source "ChessBase"]
[SourceQuality "1"]
[TimeControl "5400+30"]

1. e4 e6 2. d4 d5 3. e5 c5 4. c3 Nc6 5. Ne2 f6 6. f4 Nh6 7. Nd2 cxd4 8. cxd4 Nf5 9. Nb3 a5 10. g4 Bb4+ 11. Nc3 a4 12. gxf5 axb3 13. Qh5+ Kf8 14. Be3 Bxc3+ 15. bxc3 bxa2 16. Bd3 Ra3 17. Kd2 exf5 18. exf6 Qxf6 19. Rhe1 g6 20. Qh6+ Kf7 21. Bf2 Qg7 22. Qxg7+ Kxg7 23. Kc2 Bd7 24. Re2 Kf7 25. Be1 Rc8 26. Kb2 Rca8 27. h3 Nxd4 28. Re5 Nb3 29. Rxd5 Be6 30. Rb5 Nxa1 31. Rxb7+ Kg8 32. Kxa1 Rd8 33. Bc2 Ra6 34. Rb2 Rad6 35. Rxa2 Bxa2 36. Kxa2 Rb8 37. Bb3+ Kg7 0-1

[Event "Chile-ch Women 2019"]
[Site "Santiago Las Condes"]
[Date "2019.02.14"]
[Round "5.6"]
[White "Lemus Pena, Macarena"]
[Black "Vildosola Canales, Melany"]
[Result "1/2-1/2"]
[ECO "D00"]
[WhiteElo "1757"]
[BlackElo "1531"]
[Annotator "NA RC"]
[PlyCount "117"]
[EventDate "2019.02.12"]
[EventType "swiss"]
[EventCountry "CHI"]
[SourceTitle "playchess.com"]
[Source "ChessBase"]
[SourceQuality "1"]
[TimeControl "5400+30"]

1. Nf3 Nf6 2. d4 d5 3. Bf4 g6 4. Nc3 Bg7 5. e3 O-O 6. Be2 c5 7. Ne5 Nbd7 8. h4 cxd4 9. exd4 Nxe5 10. Bxe5 Ne4 11. Bxg7 Nxc3 12. Qd2 Kxg7 13. Qxc3 Bf5 14. Qd2 Rc8 15. c3 h5 16. g4 hxg4 17. h5 Rh8 18. h6+ Kh7 19. Rg1 Qd7 20. Qf4 Qe6 21. Kd2 Qe4 22. Qxe4 dxe4 23. Bxg4 Bxg4 24. Rxg4 f5 25. Rh4 g5 26. Rh5 Kg6 27. Rah1 Rh7 28. Ke3 Rch8 29. c4 Rxh6 30. Rxh6+ Rxh6 31. Rg1 Rh3+ 32. Ke2 f4 33. c5 Kf5 34. Rc1 Rd3 35. c6 bxc6 36. Rxc6 f3+ 37. Ke1 Kf4 38. d5 e3 39. Rc4+ Ke5 40. fxe3 Rxe3+ 41. Kf2 Re4 42. Rc7 Kxd5 43. Kxf3 Rf4+ 44. Kg3 e5 45. Rxa7 e4 46. Ra5+ Kd4 47. Rxg5 Rf3+ 48. Kg2 Rf6 49. Rg8 Kd3 50. Rd8+ Kc2 51. a4 e3 52. Re8 Kd2 53. Rd8+ Kc2 54. Re8 Kd2 55. a5 Kd3 56. b4 e2 57. Rd8+ Kc2 58. Re8 Kd2 59. Rd8+ 1/2-1/2

[Event "Chile-ch Women 2019"]
[Site "Santiago Las Condes"]
[Date "2019.02.14"]
[Round "5.7"]
[White "Melipichun Torres, Katerine"]
[Black "Urrutia Cordova, Camila"]
[Result "0-1"]
[ECO "E81"]
[WhiteElo "1640"]
[BlackElo "1694"]
[Annotator "NA RC"]
[PlyCount "96"]
[EventDate "2019.02.12"]
[EventType "swiss"]
[EventCountry "CHI"]
[SourceTitle "playchess.com"]
[Source "ChessBase"]
[SourceQuality "1"]
[TimeControl "5400+30"]

1. d4 Nf6 2. c4 g6 3. Nc3 Bg7 4. e4 d6 5. f3 O-O 6. Be3 Nc6 7. d5 Ne5 8. Qd2 c5 9. Bd3 a6 10. a4 Rb8 11. Nge2 Bd7 12. h3 Nxd3+ 13. Qxd3 Ne8 14. g4 e6 15. h4 f5 16. gxf5 exf5 17. Bg5 Bf6 18. f4 Qe7 19. O-O-O Bxg5 20. fxg5 b5 21. axb5 axb5 22. cxb5 fxe4 23. Qxe4 Qg7 24. Nf4 Bf5 25. Qc4 Qa7 26. Kd2 Qd7 27. Ne6 Rf7 28. Ra1 Ng7 29. Rhe1 Re7 30. Ne4 Bxe4 31. Rxe4 Nxe6 32. Rxe6 Rf7 33. Rae1 Rxb5 34. Re8+ Rf8 35. R8e7 Rxb2+ 36. Kc1 Qb5 37. Rg7+ Kxg7 38. Qc3+ Kg8 39. Qxb2 Qc4+ 40. Kb1 Qxd5 41. Qb5 Qf5+ 42. Kc1 Qf4+ 43. Kb1 Qxh4 44. Qb3+ c4 45. Qe3 Qf4 46. Qe6+ Rf7 47. Qc8+ Kg7 48. Re8 Qf5+ 0-1

[Event "Chile-ch Women 2019"]
[Site "Santiago Las Condes"]
[Date "2019.02.14"]
[Round "5.8"]
[White "Romero Troncoso, Liset Anais"]
[Black "Arbunic Castro, Giovanna"]
[Result "0-1"]
[ECO "B01"]
[WhiteElo "1604"]
[BlackElo "1995"]
[Annotator "NA RC"]
[PlyCount "50"]
[EventDate "2019.02.12"]
[EventType "swiss"]
[EventCountry "CHI"]
[SourceTitle "playchess.com"]
[Source "ChessBase"]
[SourceQuality "1"]
[TimeControl "5400+30"]

1. e4 d5 2. exd5 Qxd5 3. Nc3 Qa5 4. d4 Nf6 5. Bc4 c6 6. h3 e6 {[%emt 0:00:16] B01: Scandinavian Defence} (6... Bf5 7. Nf3 e6 8. O-O Bd6 9. Qe2 O-O 10. Ne5 Nbd7 11. Re1 Rfe8 12. g4 Bg6 13. h4 Bxe5 14. dxe5 Nxg4 15. Qxg4 Nxe5 16. Qf4 Nxc4 17. Qxc4 Bxc2 {1-0 (78) Rozentalis,E (2575)-Forchert,M (2420) Bad Wiessee 2011}) 7. Bd2 Qc7 8. Nf3 Be7 9. Qe2 b5 $146 ({Predecessor:} 9... Nbd7 10. Bb3 h6 11. g3 a6 12. O-O-O Nb6 13. Ne5 {1-0 (40) Klings,P (2173)-Barbafiera,L (1986) Porto Mannu 2008}) 10. Bb3 O-O 11. g4 b4 12. Na4 c5 13. dxc5 (13. Nxc5 $15 Bxc5 14. dxc5) 13... Bb7 (13... Ba6 $17 14. Bc4 Qc6 15. Bxa6 Nxa6) 14. Rg1 a5 15. g5 {[%emt 0:08:40] [#]} (15. Ne5 $15) 15... Ne4 $1 16. h4 Nd7 17. h5 (17. Rg4 {might work better.} Nxd2 18. Nxd2) 17... Ndxc5 18. g6 Nxb3 19. gxh7+ Kxh7 20. cxb3 Rac8 21. Ng5+ Bxg5 22. Bxg5 Qh2 23. Qf1 Rc2 $19 24. Be3 Ba6 25. Rg2 Re2+ 0-1

[Event "Chile-ch Women 2019"]
[Site "Santiago Las Condes"]
[Date "2019.02.15"]
[Round "6.1"]
[White "Jorquera Cabello, Valentina"]
[Black "Reyes Jara, Paula"]
[Result "1-0"]
[ECO "C91"]
[WhiteElo "2016"]
[BlackElo "1955"]
[Annotator "NA RC"]
[PlyCount "81"]
[EventDate "2019.02.12"]
[EventType "swiss"]
[EventCountry "CHI"]
[SourceTitle "playchess.com"]
[Source "ChessBase"]
[SourceQuality "1"]
[TimeControl "5400+30"]

1. e4 e5 2. Nf3 Nc6 3. Bb5 a6 4. Ba4 Nf6 5. O-O Be7 6. Re1 b5 7. Bb3 O-O 8. c3 d6 9. d4 Bg4 10. Be3 Na5 11. Bc2 Nc4 12. Bc1 c5 13. b3 {[%emt 0:01:18] C91: Closed Ruy Lopez: 7...d6 8 c3 0-0 9 d4} Nb6 14. dxe5 Bxf3 15. Qxf3 dxe5 {[%emt 0:00:07] LiveBook: 13 Games} 16. Nd2 Rc8 $146 ({Predecessor:} 16... Nfd7 17. Nf1 Bg5 18. Ne3 g6 19. Rd1 Qe7 20. a4 Rfd8 {1-0 (29) Fedorchuk,S (2655)-Marholev,D (2364) Nantes 2009}) 17. Qg3 Qd6 18. Nf3 Nfd7 19. Be3 Rc6 20. Red1 Qc7 21. h4 Re8 22. h5 Bf8 23. Rd2 h6 $11 24. Nh4 Kh7 25. Rad1 Nf6 26. Qf3 g6 27. g4 Qe7 28. hxg6+ fxg6 29. Qh3 Qe6 30. f3 h5 31. Nf5 gxf5 32. exf5 Qg8 33. Rg2 Nbd5 34. Bc1 Nxc3 35. g5 Nxd1 36. gxf6 Qf7 37. Rg6 Kh8 38. Qxh5+ Qh7 39. Qxh7+ Kxh7 40. f7 Rec8 41. f6 1-0

[Event "Chile-ch Women 2019"]
[Site "Santiago Las Condes"]
[Date "2019.02.15"]
[Round "6.2"]
[White "Manriquez Abarzua, Maria Belen"]
[Black "Gomez Barrera, Javiera Belen"]
[Result "0-1"]
[ECO "D00"]
[WhiteElo "1650"]
[BlackElo "1990"]
[Annotator "NA RC"]
[PlyCount "64"]
[EventDate "2019.02.12"]
[EventType "swiss"]
[EventCountry "CHI"]
[SourceTitle "playchess.com"]
[Source "ChessBase"]
[SourceQuality "1"]
[TimeControl "5400+30"]

1. d4 Nf6 2. Nf3 g6 3. Nc3 d5 4. Bf4 Bg7 5. Nb5 {[%emt 0:00:40] LiveBook: 93 Games} Na6 6. e3 {[%emt 0:00:18] D00: 1 d4 d5: Unusual lines} c6 7. Nc3 Nc7 (7... Nb8 8. h3 O-O 9. Be2 Nbd7 10. O-O Re8 11. Bh2 a5 12. Ne5 Nxe5 13. Bxe5 Ne4 14. Nxe4 Bxe5 15. dxe5 dxe4 16. Qd4 Qxd4 17. exd4 Rd8 18. Rad1 {0-1 (50) Melkumyan,H (2670)-Amin,B (2710) St Petersburg 2018}) 8. h3 O-O 9. Be2 Re8 10. O-O b6 11. Ne5 $146 ({Predecessor:} 11. b4 Bb7 12. Rb1 Ne4 13. Qe1 {1-0 (46) Cuartas,J (2508)-Gomez Barrera,J (2063) Barcelona 2018}) 11... Bb7 12. h4 h5 13. Bf3 Ne6 14. Bh2 Rc8 15. Ne2 c5 16. c3 Nd7 17. Nd3 $15 Nc7 18. dxc5 bxc5 19. Ndf4 Ne5 20. Bg3 Nxf3+ 21. gxf3 e5 22. Nd3 Qe7 23. f4 e4 24. Ne1 f5 25. Kh2 Bf6 26. Kh3 Red8 27. Qb3 Ba6 28. Qc2 Ne6 29. Rg1 d4 30. exd4 cxd4 31. Bh2 Kh7 32. Qa4 Bxe2 0-1

[Event "Chile-ch Women 2019"]
[Site "Santiago Las Condes"]
[Date "2019.02.15"]
[Round "6.3"]
[White "Urrutia Cordova, Camila"]
[Black "Abarca Gonzalez, Damaris"]
[Result "0-1"]
[ECO "B28"]
[WhiteElo "1694"]
[BlackElo "2039"]
[Annotator "NA RC"]
[PlyCount "106"]
[EventDate "2019.02.12"]
[EventType "swiss"]
[EventCountry "CHI"]
[SourceTitle "playchess.com"]
[Source "ChessBase"]
[SourceQuality "1"]
[TimeControl "5400+30"]

1. e4 c5 2. Nf3 a6 3. d4 cxd4 4. Nxd4 e5 5. Nf3 Nf6 6. Bc4 Qc7 7. Bb3 {[%emt 0:04:11] B28: Sicilian: 2 Nf3 a6 (O'Kelly Variation)} Bc5 (7... Bb4+ 8. Bd2 Be7 9. Bg5 O-O 10. Nc3 d6 11. Bxf6 Bxf6 12. Nd5 Qd8 13. Qd3 Nc6 14. O-O-O Be6 {1-0 (65) Jørgensen,P (2295)-Szabo,R (2331) ICCF email 2016}) 8. O-O $146 ({Predecessor:} 8. Bg5 d6 9. Bxf6 gxf6 10. Nh4 Be6 11. Qf3 Qe7 12. Nc3 Nc6 13. Nd5 Bxd5 14. Bxd5 Nd4 {1-0 (35) Hessmer,D-Piastowski,K DDR 1981}) 8... O-O 9. Nc3 d6 10. Bg5 Nbd7 11. h3 b5 12. Nd5 Qd8 (12... Nxd5 $11 13. Bxd5 Bb7) 13. Re1 h6 14. Bh4 g5 {[%emt 0:06:42] [#]} 15. Bg3 (15. Nxg5 $1 $16 Nxd5 16. Bxd5 hxg5 17. Qg4 (17. Bxa8 gxh4 18. Qg4+ Kh8 $17)) 15... Bb7 16. Nh2 Nb6 17. Nxf6+ Qxf6 18. Qh5 Kg7 19. c3 Qg6 20. Qe2 Nd7 21. Bc2 Nf6 22. Nf1 Nh5 23. Rad1 Rad8 24. Rd2 $11 Nf4 25. Qd1 h5 26. Kh1 Rh8 27. Bh2 h4 28. f3 Qf6 29. Ne3 Bxe3 30. Rxe3 Rd7 31. a4 Bc6 32. axb5 axb5 33. b3 Rhd8 34. Qf1 d5 35. exd5 Rxd5 36. Rxd5 Rxd5 37. Be4 Rd2 38. Bxf4 exf4 39. Rd3 Ra2 40. Bxc6 Qxc6 41. Qg1 Qe6 42. Qd4+ Kg6 43. Qe4+ Qxe4 44. fxe4 Ra1+ 45. Kh2 Rb1 46. c4 bxc4 47. bxc4 Rc1 48. Rd6+ Kg7 49. Rd4 Kf6 50. Rd6+ Ke7 51. e5 Rxc4 52. Ra6 Re4 53. Kg1 Rxe5 0-1

[Event "Chile-ch Women 2019"]
[Site "Santiago Las Condes"]
[Date "2019.02.15"]
[Round "6.4"]
[White "Luna Benalcazar, Gianella"]
[Black "Arbunic Castro, Giovanna"]
[Result "0-1"]
[ECO "A42"]
[WhiteElo "1804"]
[BlackElo "1995"]
[Annotator "NA RC"]
[PlyCount "64"]
[EventDate "2019.02.12"]
[EventType "swiss"]
[EventCountry "CHI"]
[SourceTitle "playchess.com"]
[Source "ChessBase"]
[SourceQuality "1"]
[TimeControl "5400+30"]

1. d4 g6 2. c4 Bg7 3. Nf3 d6 4. Nc3 Nd7 5. e4 e5 6. Be2 Ne7 7. Bg5 {[%emt 0:06:54] A42: Modern Defence: Averbakh Variation} (7. O-O O-O 8. Re1 h6 9. Bf1 exd4 10. Nxd4 Nc6 11. Be3 Nde5 12. f3 Nxd4 13. Bxd4 Be6 14. Nd5 c5 15. Bc3 Nc6 16. Bxg7 Kxg7 {1-0 (42) Le,Q (2718)-Svidler,P (2759) Almaty 2016}) 7... f6 8. Be3 f5 9. Ng5 Nb6 $146 ({Predecessor:} 9... Nf8 10. dxe5 Bxe5 11. Bd4 Nc6 12. Bxe5 Nxe5 13. f4 h6 14. Qd4 hxg5 15. fxe5 Ne6 16. Qd5 {0-1 (40) Snoeks,P (1530)-Roemhild,W (1696) Maastricht 2011}) 10. dxe5 (10. c5 $18) 10... Bxe5 11. c5 h6 12. cxb6 hxg5 13. bxc7 Qxc7 14. Nb5 Qa5+ {[%emt 0:02:53] [#]} 15. Bd2 ({White should try} 15. Kf1 $1 $16) 15... Qb6 16. Be3 (16. Rc1 $16 d5 17. Bc3 (17. Bxg5 dxe4 18. Be3 Qd8 $16)) 16... Qa5+ {[%emt 0:00:19] [#]} 17. Qd2 Qxd2+ 18. Bxd2 Kd7 19. exf5 Nxf5 20. Bc3 (20. Bxg5 $16 a6 21. Nc3) 20... Re8 $14 21. Bxe5 Rxe5 22. Nc3 b5 23. Kd2 b4 24. Na4 Bb7 25. f3 Rae8 26. Rhe1 Rd5+ 27. Bd3 Rxe1 28. Rxe1 Ba6 29. Kc1 Rxd3 30. Rd1 Rxd1+ 31. Kxd1 Bb5 32. b3 Bxa4 0-1

[Event "Chile-ch Women 2019"]
[Site "Santiago Las Condes"]
[Date "2019.02.15"]
[Round "6.5"]
[White "Hormazabal Figueroa, Constanza Va"]
[Black "Lemus Pena, Macarena"]
[Result "0-1"]
[ECO "C10"]
[WhiteElo "1624"]
[BlackElo "1757"]
[Annotator "NA"]
[PlyCount "118"]
[EventDate "2019.02.12"]
[EventType "swiss"]
[EventCountry "CHI"]
[SourceTitle "playchess.com"]
[Source "ChessBase"]
[SourceQuality "1"]
[TimeControl "5400+30"]

1. e4 e6 2. d4 d5 3. Nd2 dxe4 4. Nxe4 Nd7 5. Nf3 Ngf6 6. Nxf6+ Nxf6 7. c3 c5 8. Be3 Nd5 9. Bg5 Qc7 10. Qd2 Bd6 11. c4 Nf6 12. Bd3 b6 13. O-O Bb7 14. d5 h6 15. Bxf6 gxf6 16. Qe2 O-O-O 17. dxe6 Rde8 18. Bf5 Kb8 19. Kh1 fxe6 20. Be4 Bc8 21. a3 f5 22. Bc2 e5 23. Rfb1 e4 24. Nd2 Rhg8 25. b4 Bb7 26. h3 Bf4 27. Rg1 Rd8 28. Nf1 Be5 29. Rd1 Rxd1 30. Qxd1 cxb4 31. axb4 f4 32. Nd2 Rd8 33. Qe2 f3 34. gxf3 Qd7 35. Rg4 Qxd2 36. Qxd2 Rxd2 37. Bxe4 Rxf2 38. Kg1 Rd2 39. Rg8+ Kc7 40. Re8 Bd6 41. Rh8 Bxe4 42. fxe4 Bxb4 43. Rxh6 Rd4 44. Rh7+ Kc6 45. Rxa7 Rxe4 46. Kg2 Rxc4 47. Kg3 Be1+ 48. Kf3 Rh4 49. Kg2 b5 50. Re7 Bb4 51. Re5 Bd6 52. Re3 b4 53. Kf1 Rh5 54. Kg2 Rb5 55. Rb3 Ra5 56. h4 Ra2+ 57. Kg1 Ra3 58. Rb2 b3 59. Rb1 Be5 0-1

[Event "Chile-ch Women 2019"]
[Site "Santiago Las Condes"]
[Date "2019.02.15"]
[Round "6.6"]
[White "Vildosola Canales, Melany"]
[Black "Vargas Banda, Valentina"]
[Result "1-0"]
[ECO "B80"]
[WhiteElo "1531"]
[BlackElo "1682"]
[Annotator "NA"]
[PlyCount "55"]
[EventDate "2019.02.12"]
[EventType "swiss"]
[EventCountry "CHI"]
[SourceTitle "playchess.com"]
[Source "ChessBase"]
[SourceQuality "1"]
[TimeControl "5400+30"]

1. e4 c5 2. Nf3 d6 3. d4 cxd4 4. Nxd4 Nf6 5. Nc3 a6 6. Be3 e6 7. f3 Be7 8. Qd2 Qc7 9. O-O-O Nc6 10. g4 Nd7 11. h4 Na5 12. g5 Nc4 13. Bxc4 Qxc4 14. h5 b5 15. Kb1 b4 16. Nce2 d5 17. g6 dxe4 18. gxf7+ Kxf7 19. fxe4 e5 20. b3 Qc7 21. Nf5 Nf6 22. Nxe7 Kxe7 23. Bg5 a5 24. Bxf6+ gxf6 25. Rhg1 Be6 26. Rg7+ Bf7 27. Qd5 Rhf8 28. Rxf7+ 1-0

[Event "Chile-ch Women 2019"]
[Site "Santiago Las Condes"]
[Date "2019.02.15"]
[Round "6.8"]
[White "Sangar Sangar, Saisha"]
[Black "Yanez Araya, Josefa"]
[Result "0-1"]
[ECO "C01"]
[WhiteElo "1166"]
[BlackElo "1688"]
[Annotator "NA"]
[PlyCount "107"]
[EventDate "2019.02.12"]
[EventType "swiss"]
[EventCountry "CHI"]
[SourceTitle "playchess.com"]
[Source "ChessBase"]
[SourceQuality "1"]
[TimeControl "5400+30"]

1. e4 e6 2. d4 d5 3. exd5 exd5 4. Nf3 Bd6 5. Nc3 Ne7 6. Bd3 Bg4 7. O-O Nbc6 8. Be3 Qd7 9. h3 Bh5 10. Qe2 O-O-O 11. Nb5 f6 12. Nxd6+ Qxd6 13. Bd2 Nxd4 14. Qe3 Nxf3+ 15. gxf3 Kb8 16. Qf4 Qxf4 17. Bxf4 Bxf3 18. Rfe1 Nc6 19. Bb5 g5 20. Bh2 Nd4 21. Bd3 Bh5 22. Re7 Nf3+ 23. Kh1 Nxh2 24. Kxh2 Bg6 25. Bxg6 hxg6 26. Rae1 g4 27. Kg3 gxh3 28. Kh2 c6 29. Rf7 Rdf8 30. Rxf8+ Rxf8 31. Kxh3 Kc8 32. Re7 Rh8+ 33. Kg3 Rf8 34. Rg7 g5 35. Rg6 a5 36. Kg4 b5 37. Kf5 Kd7 38. Rxf6 Rxf6+ 39. Kxf6 g4 40. Kf5 Ke7 41. Kxg4 Kf6 42. Kf4 a4 43. b4 axb3 44. cxb3 b4 45. Ke3 c5 46. Kd3 Kf5 47. Ke3 d4+ 48. Kd3 Kf4 49. Kc4 Kf3 50. Kd3 Kxf2 51. Kc4 Ke2 52. Kxc5 d3 53. Kxb4 d2 54. a4 0-1

[Event "Chile-ch Women 2019"]
[Site "Santiago Las Condes"]
[Date "2019.02.16"]
[Round "7.1"]
[White "Gomez Barrera, Javiera Belen"]
[Black "Jorquera Cabello, Valentina"]
[Result "1-0"]
[ECO "B33"]
[WhiteElo "1990"]
[BlackElo "2016"]
[Annotator "NA"]
[PlyCount "61"]
[EventDate "2019.02.12"]
[EventType "swiss"]
[EventCountry "CHI"]
[SourceTitle "playchess.com"]
[Source "ChessBase"]
[SourceQuality "1"]
[TimeControl "5400+30"]

1. e4 c5 2. Nf3 Nc6 3. d4 cxd4 4. Nxd4 Nf6 5. Nc3 e5 6. Ndb5 d6 7. Bg5 a6 8. Na3 b5 9. Nd5 Be7 10. Bxf6 Bxf6 11. c3 Rb8 12. Nc2 Bg5 13. a4 bxa4 14. Ncb4 Nxb4 15. cxb4 O-O 16. Rxa4 a5 17. b5 Bd7 18. h4 Bh6 19. Nc3 Be6 20. Bc4 Bxc4 21. Rxc4 Rb6 22. Qd5 Qb8 23. O-O Rd8 24. Ra1 Qa7 25. b4 a4 26. Rxa4 Qe7 27. Ra8 Rbb8 28. Rxb8 Rxb8 29. b6 g6 30. Rc7 Qd8 31. Qxf7+ {[%emt 0:05:31] Bf8 [%clk 0:00:00]} 1-0

[Event "Chile-ch Women 2019"]
[Site "Santiago Las Condes"]
[Date "2019.02.16"]
[Round "7.2"]
[White "Abarca Gonzalez, Damaris"]
[Black "Lemus Pena, Macarena"]
[Result "1-0"]
[ECO "C02"]
[WhiteElo "2039"]
[BlackElo "1757"]
[Annotator "NA"]
[PlyCount "81"]
[EventDate "2019.02.12"]
[EventType "swiss"]
[EventCountry "CHI"]
[SourceTitle "playchess.com"]
[Source "ChessBase"]
[SourceQuality "1"]
[TimeControl "5400+30"]

1. e4 e6 2. d4 d5 3. e5 c5 4. c3 Qb6 5. a3 Nc6 6. Nf3 Nh6 7. b4 cxd4 8. cxd4 Nf5 9. Bb2 Bd7 10. Nc3 Ncxd4 11. Nxd4 Qxd4 12. Qxd4 Nxd4 13. Nxd5 Nc2+ 14. Kd2 O-O-O 15. Kxc2 Ba4+ 16. Kd2 Rxd5+ 17. Ke3 Be7 18. Bc4 Rd7 19. Rhc1 Kb8 20. Rc3 Rhd8 21. Rd3 a5 22. f4 axb4 23. axb4 b5 24. Rxd7 Rxd7 25. Bd4 Bxb4 26. Bd3 Bd2+ 27. Kxd2 Rxd4 28. Ke3 Rd7 29. Bxh7 g6 30. Bg8 Kc7 31. g4 Kd8 32. Rc1 Ke7 33. Rc8 b4 34. Rb8 Bc6 35. f5 exf5 36. gxf5 Bb7 37. f6+ Ke6 38. Re8+ Kf5 39. e6 Bc6 40. exd7 Bxd7 41. Re7 1-0

[Event "Chile-ch Women 2019"]
[Site "Santiago Las Condes"]
[Date "2019.02.16"]
[Round "7.3"]
[White "Arbunic Castro, Giovanna"]
[Black "Manriquez Abarzua, Maria Belen"]
[Result "1-0"]
[ECO "E07"]
[WhiteElo "1995"]
[BlackElo "1650"]
[Annotator "NA"]
[PlyCount "95"]
[EventDate "2019.02.12"]
[EventType "swiss"]
[EventCountry "CHI"]
[SourceTitle "playchess.com"]
[Source "ChessBase"]
[SourceQuality "1"]
[TimeControl "5400+30"]

1. Nf3 Nf6 2. d4 e6 3. c4 d5 4. Nc3 c6 5. g3 Be7 6. Bg2 Nbd7 7. O-O O-O 8. Qd3 Qc7 9. Bg5 h6 10. Bxf6 Nxf6 11. Rac1 Qb8 12. e4 dxe4 13. Nxe4 Rd8 14. Nxf6+ Bxf6 15. Qe3 b6 16. Ne5 Bxe5 17. dxe5 Bb7 18. c5 Rc8 19. Rfd1 Qc7 20. b4 b5 21. Rd6 a5 22. a3 axb4 23. axb4 Ra4 24. Qd4 Rca8 25. Rd7 Qc8 26. Rd1 Ra1 27. Be4 Rxd1+ 28. Qxd1 Ra1 29. Qxa1 Qxd7 30. Qa7 f5 31. exf6 gxf6 32. Qb8+ Kg7 33. Qf4 e5 34. Qf3 Qe6 35. Bf5 Qc4 36. Qd1 Qf7 37. Qd6 Qd5 38. Qxd5 cxd5 39. Bd7 Kf7 40. c6 Ba6 41. c7 Ke7 42. c8=Q Bxc8 43. Bxc8 Kd6 44. f3 Kc6 45. Kf2 d4 46. Ke2 Kd6 47. Kd3 Kc7 48. Bf5 1-0